PL
BROOKLYN DODGERS @ PANAMA CITY PIRANHAS
09/03/2030
 
TOP OF THE 1ST
Brooklyn Dodgers batting - Pitching for Panama City Piranhas : RHP Robinson Suárez
Pitching: RHP Robinson Suárez
Batting: RHB Vincent Crane 0-0: Called Strike
0-1: Ball
1-1: Swinging Strike
1-2: Ball
2-2: Ball
3-2: Strikes out swinging
Batting: LHB Ki-tak Im 0-0: Ball
1-0: Fly out, F9 (Flyball, 9LM)
Batting: LHB Manuel Carmona 0-0: Ball
1-0: Called Strike
1-1: Ball
2-1: Foul Ball, location: 2F
2-2: DOUBLE (Line Drive, 89D)
Batting: LHB Avon Barksdale 0-0: Ball
1-0: Ball
2-0: Ball
3-0: Called Strike
3-1: Swinging Strike
3-2: Base on Balls
Batting: RHB Gustavo Mateo 0-0: Foul Ball, location: 2F
0-1: Foul Ball, location: 2F
0-2: Ball
1-2: Fly out, F8 (Flyball, 8LXD)
Top of the 1st over - 0 runs, 1 hit, 0 errors, 2 left on base; Brooklyn 0 - Panama City 0
BOTTOM OF THE 1ST
Panama City Piranhas batting - Pitching for Brooklyn Dodgers : LHP Todd Hines
Pitching: LHP Todd Hines
Batting: RHB Juan Jose Ayala 0-0: Foul Ball, location: 2F
0-1: Ball
1-1: Foul Ball, location: 2F
1-2: Ball
2-2: Ball
3-2: Strikes out swinging
Batting: RHB Baldomero Avino 0-0: Called Strike
0-1: Ball
1-1: Swinging Strike
1-2: Strikes out swinging
Batting: RHB Tommy Jones 0-0: Ball
1-0: Ball
2-0: Foul Ball, location: 2F
2-1: Ball
3-1: Fly out, F8 (Flyball, 8LS)
Bottom of the 1st over - 0 runs, 0 hits, 0 errors, 0 left on base; Brooklyn 0 - Panama City 0
TOP OF THE 2ND
Brooklyn Dodgers batting - Pitching for Panama City Piranhas : RHP Robinson Suárez
Batting: LHB Jérôme Masson 0-0: Swinging Strike
0-1: Foul Ball, location: 2F
0-2: Ball
1-2: Ground out 4-3 (Groundball, 4)
Batting: RHB Oliver Aranda 0-0: Called Strike
0-1: Ball
1-1: Swinging Strike
1-2: Foul Ball, location: 2F
1-2: Strikes out swinging
Batting: LHB Yannick Hendriksen 0-0: Called Strike
0-1: Ball
1-1: Swinging Strike
1-2: Ball
2-2: Strikes out swinging
Top of the 2nd over - 0 runs, 0 hits, 0 errors, 0 left on base; Brooklyn 0 - Panama City 0
BOTTOM OF THE 2ND
Panama City Piranhas batting - Pitching for Brooklyn Dodgers : LHP Todd Hines
Batting: RHB Micah Coffey 0-0: Fly out, F4 (Popup, 34S)
Batting: RHB Peter Heard 0-0: Ball
1-0: Ball
2-0: Foul Ball, location: 2F
2-1: Foul Ball, location: 2F
2-2: Ground out 5-3 (Groundball, 5L)
Batting: RHB Fernando Silva 0-0: Swinging Strike
0-1: Ball
1-1: Swinging Strike
1-2: Foul Ball, location: 2F
1-2: Ground out 6-3 (Groundball, 6S)
Bottom of the 2nd over - 0 runs, 0 hits, 0 errors, 0 left on base; Brooklyn 0 - Panama City 0
TOP OF THE 3RD
Brooklyn Dodgers batting - Pitching for Panama City Piranhas : RHP Robinson Suárez
Batting: RHB Adrian Rodgers 0-0: Called Strike
0-1: Ball
1-1: Ball
2-1: Swinging Strike
2-2: Ground out 3-1 (Groundball, 34S)
Batting: RHB Vincent Crane 0-0: Foul Ball, location: 2F
0-1: Swinging Strike
0-2: Ball
1-2: Ball
2-2: Strikes out swinging
Batting: LHB Ki-tak Im 0-0: Called Strike
0-1: Ball
1-1: Ball
2-1: Foul Ball, location: 2F
2-2: Ball
3-2: Foul Ball, location: 2F
3-2: DOUBLE (Line Drive, 9LS)
Batting: LHB Manuel Carmona 0-0: Ball
1-0: Fly out, F4 (Popup, 13)
Top of the 3rd over - 0 runs, 1 hit, 0 errors, 1 left on base; Brooklyn 0 - Panama City 0
BOTTOM OF THE 3RD
Panama City Piranhas batting - Pitching for Brooklyn Dodgers : LHP Todd Hines
Batting: RHB Cale Sutton 0-0: Fly out, F8 (Flyball, 8RXD)
Batting: RHB José Carlos Pérez 0-0: Ball
1-0: SINGLE (Groundball, 6D)
Batting: RHB Ted Cook 0-0: Called Strike
0-1: Ball
1-1: Ball
2-1: Ball
3-1: Base on Balls
José Carlos Pérez to second
Batting: RHB Juan Jose Ayala 0-0: Ball
1-0: Ball
2-0: Grounds into double play, 4-6-3 (Groundball, 4)
Bottom of the 3rd over - 0 runs, 1 hit, 0 errors, 1 left on base; Brooklyn 0 - Panama City 0
TOP OF THE 4TH
Brooklyn Dodgers batting - Pitching for Panama City Piranhas : RHP Robinson Suárez
Batting: LHB Avon Barksdale 0-0: Swinging Strike
0-1: Foul Ball, location: 2F
0-2: Strikes out swinging
Batting: RHB Gustavo Mateo 0-0: Ball
1-0: Fly out, F9 (Line Drive, 9LM)
Batting: LHB Jérôme Masson 0-0: Foul Ball, location: 2F
0-1: Ball
1-1: Swinging Strike
1-2: Strikes out looking
Top of the 4th over - 0 runs, 0 hits, 0 errors, 0 left on base; Brooklyn 0 - Panama City 0
BOTTOM OF THE 4TH
Panama City Piranhas batting - Pitching for Brooklyn Dodgers : LHP Todd Hines
Batting: RHB Baldomero Avino 0-0: Ball
1-0: Ball
2-0: Ball
3-0: Base on Balls
Batting: RHB Tommy Jones 0-0: Foul Ball, location: 2F
0-1: Called Strike
0-2: Ball
1-2: Ball
2-2: Ground out 5-3 (Groundball, 56S)
Baldomero Avino to second
Batting: RHB Micah Coffey 0-0: Ball
1-0: Called Strike
1-1: Ball
2-1: SINGLE (Groundball, 4MD)
Baldomero Avino to third
Runner from 3rd tries for Home, SAFE, throw made home
Pitching: RHP Víctor García
Batting: RHB Peter Heard 0-0: Called Strike
0-1: Fielders Choice at 2nd, 6-4 (Groundball, 6)
Batting: RHB Fernando Silva 0-0: Ball
1-0: Swinging Strike
1-1: Ball
2-1: SINGLE (Groundball, 34D)
Peter Heard to second
Runner from 2nd tries for 3rd, SAFE, no throw
Batting: RHB Cale Sutton 0-0: Ball
1-0: Ball
2-0: Called Strike
2-1: Ball
3-1: Fly out, F7 (Flyball, 7S)
Bottom of the 4th over - 1 run, 2 hits, 0 errors, 2 left on base; Brooklyn 0 - Panama City 1
TOP OF THE 5TH
Brooklyn Dodgers batting - Pitching for Panama City Piranhas : RHP Robinson Suárez
Batting: RHB Oliver Aranda 0-0: Ground out 6-3 (Groundball, 6)
Batting: LHB Yannick Hendriksen 0-0: Ball
1-0: DOUBLE (Line Drive, 78XD)
Batting: RHB Adrian Rodgers 0-0: Ball
1-0: Swinging Strike
1-1: Called Strike
1-2: Ball
2-2: Ground out 3-1 (Groundball, 34)
Yannick Hendriksen to third
Batting: RHB Vincent Crane 0-0: SINGLE (Groundball, 6MD)
Yannick Hendriksen scores
Batting: LHB Ki-tak Im 0-0: Foul Ball, location: 2F
0-1: Ball
1-1: Ball
2-1: Fly out, F9 (Line Drive, 9LM)
Top of the 5th over - 1 run, 2 hits, 0 errors, 1 left on base; Brooklyn 1 - Panama City 1
BOTTOM OF THE 5TH
Panama City Piranhas batting - Pitching for Brooklyn Dodgers : RHP Víctor García
Batting: RHB José Carlos Pérez 0-0: Ball
1-0: Called Strike
1-1: Ball
2-1: Ball
3-1: Base on Balls
Batting: RHB Ted Cook 0-0: Sac Bunt - play at first, batter OUT! 1-3
José Carlos Pérez to second
Batting: RHB Juan Jose Ayala 0-0: Foul Ball, location: 2F
0-1: Swinging Strike
0-2: Ball
1-2: Ball
2-2: SINGLE (Flyball, 7S)
José Carlos Pérez to third
Runner from 3rd tries for Home, throw and OUT!
Juan Jose Ayala to second
Batting: RHB Baldomero Avino 0-0: Called Strike
0-1: Swinging Strike
0-2: Foul Ball, location: 2F
0-2: Foul Ball, location: 2F
0-2: Ball
1-2: Foul Ball, location: 2F
1-2: Strikes out swinging
Bottom of the 5th over - 0 runs, 1 hit, 0 errors, 1 left on base; Brooklyn 1 - Panama City 1
TOP OF THE 6TH
Brooklyn Dodgers batting - Pitching for Panama City Piranhas : RHP Robinson Suárez
Batting: LHB Manuel Carmona 0-0: DOUBLE (Line Drive, 9LM)
Batting: LHB Avon Barksdale 0-0: Intentional Walk
Batting: RHB Gustavo Mateo 0-0: Ball
Manuel Carmona steals 3rd base
Avon Barksdale to second
1-0: Foul Ball, location: 2F
1-1: Swinging Strike
1-2: Ball
2-2: Ball
3-2: Foul Ball, location: 2F
3-2: Base on Balls
Batting: LHB Jérôme Masson 0-0: Foul Ball, location: 2F
0-1: Foul Ball, location: 2F
0-2: Ball
1-2: Ball
2-2: Ball
3-2: Fly out, F7 (Flyball, 7LS)
Runner from 3rd tags up, SCORES, throw made
Pitching: RHP Michael Brown
Batting: RHB Oliver Aranda 0-0: Ball
1-0: Foul Ball, location: 2F
1-1: Swinging Strike
1-2: SINGLE (Groundball, 6D)
Avon Barksdale to third
Gustavo Mateo to second
Runner from 3rd tries for Home, SAFE, no throw
Batting: LHB Yannick Hendriksen 0-0: SINGLE (Groundball, 4MD)
Gustavo Mateo to third
Oliver Aranda to second
Runner from 3rd tries for Home, SAFE, throw made home
Batting: RHB Adrian Rodgers 0-0: SINGLE (Groundball, 6MD)
Oliver Aranda to third
Yannick Hendriksen to second
Runner from 3rd tries for Home, SAFE, throw made home
Batting: RHB Vincent Crane 0-0: Ball
1-0: Swinging Strike
1-1: Called Strike
1-2: Strikes out looking
Batting: LHB Ki-tak Im 0-0: Ball
1-0: Ball
2-0: Ball
3-0: Base on Balls
Yannick Hendriksen to third
Adrian Rodgers to second
Batting: LHB Manuel Carmona 0-0: Fly out, F9 (Flyball, 9S)
Top of the 6th over - 4 runs, 4 hits, 0 errors, 3 left on base; Brooklyn 5 - Panama City 1
BOTTOM OF THE 6TH
Panama City Piranhas batting - Pitching for Brooklyn Dodgers : RHP Víctor García
Batting: RHB Tommy Jones 0-0: Foul Ball, location: 2F
0-1: Called Strike
0-2: Ball
1-2: Strikes out swinging
Batting: RHB Micah Coffey 0-0: Foul Ball, location: 2F
0-1: Ball
1-1: Ball
2-1: Ground out 5-3 (Groundball, 56)
Batting: RHB Peter Heard 0-0: Ball
1-0: Swinging Strike
1-1: Fly out, F8 (Flyball, 8RM)
Bottom of the 6th over - 0 runs, 0 hits, 0 errors, 0 left on base; Brooklyn 5 - Panama City 1
TOP OF THE 7TH
Brooklyn Dodgers batting - Pitching for Panama City Piranhas : RHP Michael Brown
Batting: LHB Avon Barksdale 0-0: Called Strike
0-1: Ball
1-1: Ball
2-1: Ball
3-1: Foul Ball, location: 2F
3-2: Base on Balls
Batting: RHB Gustavo Mateo 0-0: Foul Ball, location: 2F
0-1: Ball
1-1: Ball
2-1: Ball
3-1: Base on Balls
Avon Barksdale to second
Batting: LHB Jérôme Masson 0-0: Sac Bunt - play at third, runner OUT! 1-5
Gustavo Mateo to second
Batting: RHB Oliver Aranda 0-0: Called Strike
0-1: Foul Ball, location: 2F
0-2: Ball
1-2: Foul Ball, location: 2F
1-2: Grounds into double play, 3-6-1 (Groundball, 3)
Top of the 7th over - 0 runs, 0 hits, 0 errors, 1 left on base; Brooklyn 5 - Panama City 1
BOTTOM OF THE 7TH
Panama City Piranhas batting - Pitching for Brooklyn Dodgers : RHP Víctor García
Batting: RHB Fernando Silva 0-0: Called Strike
0-1: Ball
1-1: Ball
2-1: Called Strike
2-2: SINGLE (Groundball, 6D)
Batting: RHB Cale Sutton 0-0: Ball
1-0: DOUBLE (Line Drive, 7LM)
Fernando Silva to third
Runner from 3rd tries for Home, SAFE, no throw
Batting: RHB José Carlos Pérez 0-0: Fly out, F4 (Popup, 4)
Batting: RHB Ted Cook 0-0: Called Strike
0-1: Fly out, F8 (Flyball, 8RD)
Batting: RHB Juan Jose Ayala 0-0: Fly out, F9 (Flyball, 9)
Bottom of the 7th over - 1 run, 2 hits, 0 errors, 1 left on base; Brooklyn 5 - Panama City 2
TOP OF THE 8TH
Brooklyn Dodgers batting - Pitching for Panama City Piranhas : RHP Michael Brown
Batting: LHB Yannick Hendriksen 0-0: Ball
1-0: Foul Ball, location: 2F
1-1: Foul Ball, location: 2F
1-2: Foul Ball, location: 2F
1-2: Ball
2-2: Ball
3-2: Strikes out swinging
Batting: RHB Adrian Rodgers 0-0: Ball
1-0: Fly out, F7 (Flyball, 7LS)
Batting: RHB Vincent Crane 0-0: Ball
1-0: Foul Ball, location: 2F
1-1: Ball
2-1: Ground out U3 (Groundball, 3)
Top of the 8th over - 0 runs, 0 hits, 0 errors, 0 left on base; Brooklyn 5 - Panama City 2
BOTTOM OF THE 8TH
Panama City Piranhas batting - Pitching for Brooklyn Dodgers : RHP Víctor García
Batting: RHB Baldomero Avino 0-0: Ball
1-0: Ball
2-0: Foul Ball, location: 2F
2-1: SOLO HOME RUN (Flyball, 78D), Distance : 386 ft
Batting: RHB Tommy Jones 0-0: Called Strike
0-1: Ball
1-1: SINGLE (Line Drive, 6M)
Pitching: RHP Scott Woodger
Batting: RHB Micah Coffey 0-0: Ball
1-0: Called Strike
1-1: Ball
2-1: Ball
3-1: Base on Balls
Tommy Jones to second
Batting: RHB Peter Heard 0-0: Swinging Strike
0-1: Ball
1-1: Foul Ball, location: 2F
1-2: Ball
2-2: Fly out, F8 (Flyball, 8LXD)
Runner from 2nd tags up, SAFE at 3rd, no throw
Batting: RHB Fernando Silva 0-0: Called Strike
0-1: Foul Ball, location: 2F
0-2: Strikes out swinging
Batting: RHB Cale Sutton 0-0: Foul Ball, location: 2F
0-1: Foul Ball, location: 2F
0-2: Foul Ball, location: 2F
0-2: Ball
1-2: Ball
2-2: Foul Ball, location: 2F
2-2: Ball
3-2: Foul Ball, location: 2F
3-2: Base on Balls
Micah Coffey to second
Batting: RHB José Carlos Pérez 0-0: Ball
1-0: Fly out, F7 (Flyball, 7LM)
Bottom of the 8th over - 1 run, 2 hits, 0 errors, 3 left on base; Brooklyn 5 - Panama City 3
TOP OF THE 9TH
Brooklyn Dodgers batting - Pitching for Panama City Piranhas : RHP Michael Brown
Batting: LHB Ki-tak Im 0-0: Ball
1-0: Ball
2-0: Swinging Strike
2-1: Called Strike
2-2: Ground out U3 (Groundball, 3L)
Batting: LHB Manuel Carmona 0-0: Foul Ball, location: 2F
0-1: Ground out 4-3 (Groundball, 4)
Batting: LHB Avon Barksdale 0-0: Swinging Strike
0-1: Ball
1-1: Called Strike
1-2: Fly out, F9 (Flyball, 9)
Top of the 9th over - 0 runs, 0 hits, 0 errors, 0 left on base; Brooklyn 5 - Panama City 3
BOTTOM OF THE 9TH
Panama City Piranhas batting - Pitching for Brooklyn Dodgers : RHP Scott Woodger
Pitching: LHP Sjaak Bonne
Batting: RHB Ted Cook 0-0: Foul Ball, location: 2F
0-1: Foul Ball, location: 2F
0-2: Strikes out looking
Batting: RHB Juan Jose Ayala 0-0: Ball
1-0: Swinging Strike
1-1: Swinging Strike
1-2: Ball
2-2: Strikes out swinging
Batting: RHB Baldomero Avino 0-0: Called Strike
0-1: Foul Ball, location: 2F
0-2: Ball
1-2: Foul Ball, location: 2F
1-2: Foul Ball, location: 2F
1-2: Ball
2-2: SINGLE (Flyball, 8LS)
Batting: RHB Tommy Jones 0-0: Called Strike
0-1: Ball
1-1: Swinging Strike
1-2: Fielders Choice at 2nd, 6-4 (Groundball, 6)
Bottom of the 9th over - 0 runs, 1 hit, 0 errors, 1 left on base; Brooklyn 5 - Panama City 3
Sunday, March 18th, 2018 - OOTP Baseball 18.8 Build 76